 Dungeon Crawl Stone Soup version 0.28.0-43-g3370ac3207 (webtiles) character file.

Game seed: 784940522981044180

14759 mortz the Destroyer (level 11, -4/81 HPs)
             Began as a Green Draconian Conjurer on Mar 3, 2022.
             Was a Believer of Vehumet.
             Killed from afar by a gargoyle (15 damage)
             ... with a stone arrow
             ... on level 13 of the Dungeon.
             The game lasted 02:27:56 (16926 turns).

mortz the Destroyer (Green Draconian Conjurer)     Turns: 16926, Time: 02:27:57

Health: -4/81      AC: 13    Str: 10    XL:     11   Next: 92%
Magic:  14/35      EV: 13    Int: 22    God:    Vehumet [**....]
Gold:   953        SH:  0    Dex: 10    Spells: 13/32 levels left

rFire   . . .      SeeInvis .   T - +3 long sword (freeze) {long}
rCold   . . .      Faith    .   (no shield)
rNeg    . . .      Spirit   .   (armour unavailable)
rPois   +          Reflect  .   (helmet restricted)
rElec   .          Harm     .   A - +1 cloak
rCorr   .          Rampage  .   D - +1 pair of gloves
Will    .....                   r - +1 pair of boots
Stlth   +++.......              (no amulet)
HPRegen 0.23/turn               w - ring of wizardry
MPRegen 0.24/turn               K - ring of magical power

@: no status effects
A: breathe noxious fumes, AC +7, unfitting armour, poison resistance,
cold-blooded
a: Breathe Noxious Fumes, Renounce Religion


You were on level 13 of the Dungeon.
You worshipped Vehumet.
Vehumet was pleased with you.
You visited 2 branches of the dungeon, and saw 13 of its levels.

You collected 953 gold pieces.


Innate Abilities, Weirdness & Mutations

You can breathe blasts of noxious fumes.
Your lurid green scales are hard. (AC +7)
You cannot fit into any form of body armour.
Your system is resistant to poisons. (rPois)
You are cold-blooded and may be slowed by cold attacks.


   Skills:
 + Level 2.6 Fighting
 + Level 1.2(1.5) Short Blades
 + Level 1.2(1.5) Long Blades
 + Level 5.2 Dodging
 + Level 5.6 Stealth
 + Level 3.5 Shields
 + Level 11.0 Spellcasting
 + Level 12.3 Conjurations
 + Level 0.6 Hexes
 + Level 2.5 Translocations
 + Level 3.8 Air Magic


You had 13 spell levels left.
You knew the following spells:

 Your Spells              Type           Power      Damage    Failure   Level
a - Magic Dart            Conj           100%       1d8       1%          1
b - Searing Ray           Conj           100%       2d8       1%          2
c - Iskenderun's Mystic   Conj/Tloc      44%        2d10      1%          4
d - Lightning Bolt        Conj/Air       23%        1d39      2%          5
e - Dazzling Flash        Conj/Hex       80%        N/A       1%          3
f - Fulminant Prism       Conj/Hex       20%        3d13      1%          4

Your spell library contained the following spells:

 Spells                   Type           Power      Damage    Failure   Level
 Poisonous Vapours        Pois/Air       40%        N/A       1%          2
 Static Discharge         Conj/Air       47%        N/A       1%          2
 Animate Skeleton         Necr           24%        N/A       2%          1
 Pain                     Necr           48%        1d6       2%          1
 Summon Small Mammal      Summ           48%        N/A       2%          1
 Tukima's Dance           Hex            14%        N/A       5%          3
 Call Canine Familiar     Summ           12%        N/A       6%          3
 Summon Guardian Golem    Hex/Summ       13%        N/A       6%          3
 Vampiric Draining        Necr           12%        2d6       6%          3
 Anguish                  Hex/Necr       6%         N/A       19%         4
 Enfeeble                 Hex            7%         N/A       100%        7
 Maxwell's Capacitive Co  Air            14%        ∞         100%        8

Inventory:

Hand Weapons
 f - a +1 dagger of electrocution {short}
   (You found it on level 1 of the Dungeon)
 x - a +5 vorpal flail {mace}
   (You took it off a gnoll on level 4 of the Dungeon)
 S - a +4 rapier {short}
   (You found it on level 11 of the Dungeon)
 T - a +3 long sword of freezing (weapon) {long}
   (You took it off a wight on level 10 of the Dungeon)
Missiles
 b - a throwing net {=f!fthrowing}
 e - 5 javelins {throwing}
 v - 38 poisoned darts {throwing}
 J - 12 boomerangs {throwing}
 U - a curare-tipped dart {=fthrowing}
Armour
 j - a +2 tower shield
   (You found it on level 2 of the Dungeon)
 r - a +1 pair of boots (worn)
   (You found it on level 3 of the Dungeon)
 A - a +1 cloak (worn)
   (You took it off Crazy Yiuf on level 4 of the Dungeon)
 D - a +1 pair of gloves (worn)
   (You found it on level 5 of the Dungeon)
 Q - an orb of wrath
   (You took it off an orc on level 8 of the Dungeon)
Magical Staves
 c - a staff of conjuration {!a@e2staff}
   (You took it off a goblin on level 2 of the Dungeon)
 L - a staff of cold {!astaff}
   (You found it on level 8 of the Dungeon)
 M - a staff of earth {!astaff}
   (You took it off a kobold on level 8 of the Dungeon)
Jewellery
 a - a +6 ring of dexterity
   (You found it on level 5 of the Dungeon)
 i - a ring of fire
   (You found it on level 2 of the Dungeon)
 w - a ring of wizardry (left hand)
   (You found it on level 1 of the Dungeon)
 K - a ring of magical power (right hand)
   (You took it off an orc on level 8 of the Dungeon)
 O - the ring of the Duke {Ice rPois}
   (You took it off a kobold brigand on level 8 of the Dungeon)

   [ring of ice]

   It enhances your ice magic.
   rF:        It makes you vulnerable to fire.
   rC:        It protects you from cold.
   rPois:     It protects you from poison.
 P - a ring of willpower
   (You found it on level 10 of the Dungeon)
Wands
 y - a wand of iceblast (9)
   (You found it on level 10 of the Dungeon)
 B - a wand of polymorph (5)
   (You took it off Crazy Yiuf on level 4 of the Dungeon)
 F - a wand of flame (54)
   (You took it off Ijyb on level 5 of the Dungeon)
 H - a wand of charming (21)
   (You found it on level 7 of the Dungeon)
 N - a wand of mindburst (5)
   (You took it off a kobold brigand on level 8 of the Dungeon)
 R - a wand of digging (3)
   (You took it off an orc on level 8 of the Dungeon)
Scrolls
 d - 5 scrolls of teleportation {@r4}
 g - a scroll of immolation {unknown}
 h - 3 scrolls of magic mapping {unknown}
 k - 2 scrolls of amnesia {unknown}
 l - 4 scrolls of fog
 m - 3 scrolls of enchant weapon
 o - 2 scrolls of blinking {unknown}
 q - a scroll of vulnerability {unknown}
 C - 2 scrolls of fear {unknown}
 V - 2 scrolls of holy word {unknown}
Potions
 n - 3 potions of cancellation
 p - 3 potions of lignification {!q}
 s - a potion of ambrosia {unknown}
 t - 3 potions of flight
 u - 2 potions of heal wounds {@q2}
 z - 3 potions of curing {unknown}
 E - 2 potions of haste {@q3}
 G - 2 potions of might {unknown}
 I - a potion of mutation {unknown}

Dungeon Overview and Level Annotations

Branches:
Dungeon (11/15)            Temple (1/1) D:4            Lair (0/6) D:10
    Orc (0/2) D:11

Altars:
Ashenzari
Cheibriados
Dithmenos
Elyvilon
Fedhas
Gozag
Hepliaklqana
Kikubaaqudgha
Makhleb
Nemelex Xobeh
Okawaru
Qazlal
Ru
Sif Muna
Trog
Uskayaw
Vehumet
Wu Jian
Xom
Yredelemnul
Zin
The Shining One

Shops:
D:6 :

Annotations:
D:9 Harold
D:11 1 runed translucent door

###### ######### .....#
#.......#
....[######.......#
.....#............#
...###.....(..#...#
...#..........#...#
..........†...#.9.##
............9.##@..#
...................#
...................#
.............⌠..≈.≈..
...........#...≈≈≈≈...
#..........##...≈≈≈....#
#..........##...≈≈≈....#
###........ ..≈≈≈≈≈≈...#
.......


You could see a gargoyle.


Message History

You feel your power returning.
You start resting.
A howler monkey is nearby! 😎 MP[+1] 😎 MP[+1]
Casting: Searing Ray (safe; 1% risk of failure)
Confirm with . or Enter, or press ? or * to list all spells.
Aiming: Searing Ray (safe; 1% risk of failure)
Press: ? - help, Shift-Dir - straight line, f - howler monkey
Aim: a howler monkey (81% to hit)
The searing ray hits the howler monkey. (Press . to maintain the ray.) 😎 MP[-2]
You lost 2 mp, and now have 31/34 mp.
The searing ray misses the howler monkey. 😎 MP[-1]
You lost 1 mp, and now have 30/34 mp.
The searing ray hits the howler monkey!
The howler monkey hoots and howls with incredible vigour! 😎 MP[-1]
You lost 1 mp, and now have 29/34 mp.
The searing ray misses the howler monkey.
You finish channelling your searing ray.
A gargoyle comes into view. It is wielding a +0 flail.
The howler monkey hits you but does no damage.
Casting: Searing Ray (safe; 1% risk of failure)
Confirm with . or Enter, or press ? or * to list all spells.
Aiming: Searing Ray (safe; 1% risk of failure)
Press: ? - help, Shift-Dir - straight line, f/p - howler monkey
Aim: a howler monkey (almost dead, 81% to hit)
The searing ray hits the howler monkey.
You kill the howler monkey!
Vehumet accepts your kill. (Press . to maintain the ray.)
Your Spellcasting skill increases to level 11! 😎 MP[-2]
You lost 2 mp, and now have 27/35 mp.
E - 2 potions of haste {@q3} (gained 1) 😎 MP[+1]
The gargoyle hurls a stone arrow at you.
The stone arrow hits you! 😕 HP[-14]
You take 14 damage, and now have 67/81 hp.
Casting: Searing Ray (safe; 1% risk of failure)
Confirm with . or Enter, or press ? or * to list all spells.
Aiming: Lightning Bolt (dangerous; 2% risk of failure)
Press: ? - help, Shift-Dir - straight line, f - gargoyle
Aim: a gargoyle, wielding a +0 flail (83% to hit)
You hear a mighty clap of thunder!
The bolt of lightning misses the gargoyle.
You hear a deafening roar! 😕 MP[-4]
You lost 4 mp, and now have 24/35 mp.
Casting: Lightning Bolt (dangerous; 2% risk of failure)
Confirm with . or Enter, or press ? or * to list all spells.
Aiming: Searing Ray (safe; 1% risk of failure)
Press: ? - help, Shift-Dir - straight line, f/p - gargoyle
Aim: a gargoyle, wielding a +0 flail (92% to hit)
The searing ray hits the gargoyle. (Press . to maintain the ray.) 😕 MP[-2]
You lost 2 mp, and now have 22/35 mp.
The searing ray hits the gargoyle but does no damage.
The gargoyle hurls a stone arrow at you.
The stone arrow hits you!!
* * * LOW HITPOINT WARNING * * *
😨 HP[-28] MP[-1]
You take 28 damage, and now have 39/81 hp.
MASSIVE DAMAGE!! (PAUSE)
You lost 1 mp, and now have 21/35 mp.
The searing ray hits the gargoyle but does no damage.
The gargoyle hurls a stone arrow at you.
The stone arrow hits you!!
* * * LOW HITPOINT WARNING * * *
😱 HP[-23] MP[-1]
You take 23 damage, and now have 16/81 hp.
MASSIVE DAMAGE!! (PAUSE)
You lost 1 mp, and now have 20/35 mp.
Casting: Searing Ray (safe; 1% risk of failure)
Confirm with . or Enter, or press ? or * to list all spells.
You erupt in a blast of force!
The mystic blast hits the gargoyle but does no damage. 😱 MP[-3]
You lost 3 mp, and now have 17/35 mp.
Casting: Iskenderun's Mystic Blast (mildly dangerous; 1% risk of failure)
Confirm with . or Enter, or press ? or * to list all spells.
Aiming: Searing Ray (safe; 1% risk of failure)
Press: ? - help, Shift-Dir - straight line, f/p - gargoyle
Aim: a gargoyle, wielding a +0 flail (lightly damaged, 92% to hit)
The searing ray hits the gargoyle but does no damage. (Press . to maintain the ray.)
The gargoyle hits you with a +0 flail.
* * * LOW HITPOINT WARNING * * *
😱 HP[-5] MP[-2]
You take 5 damage, and now have 11/81 hp.
You lost 2 mp, and now have 15/35 mp.
The searing ray hits the gargoyle but does no damage.
The gargoyle hurls a stone arrow at you.
The stone arrow hits you!
You die...

Skill      XL: |  1  2  3  4  5  6  7  8  9 10 11 |
---------------+----------------------------------+-----
Stealth        | 2 3 4 5 |  5.6
Dodging        | 2 3 4 5 |  5.2
Conjurations   | 5 6 7 8 10 11 12 | 12.3
Spellcasting   | 3 4 5 6 8 9 11 | 11.0
Short Blades   | 1 |  1.2
Shields        | 1 2 3 |  3.5
Fighting       | 1 2 |  2.6
Translocations | 1 2 |  2.5
Air Magic      | 1 3 |  3.8
Long Blades    | 1 |  1.2
Hexes          | |  0.6

Action                   |  1- 3 |  4- 6 |  7- 9 | 10-12 || total
-------------------------+-------+-------+-------+-------++-------
Melee: Dagger            |    13 |       |       |       ||    13
       Tailslap          |     3 |       |       |       ||     3
       Staff             |       |       |     5 |     1 ||     6
       Flail             |       |       |     1 |       ||     1
       Long sword        |       |       |       |     8 ||     8
 Cast: Magic Dart        |    43 |    31 |   111 |    51 ||   236
       Searing Ray       |     9 |    12 |    75 |    92 ||   188
       Lightning Bolt    |       |       |       |    73 ||    73
       Iskenderun's Myst |       |       |       |    42 ||    42
       Fulminant Prism   |       |       |       |     3 ||     3
       Dazzling Flash    |       |       |       |     1 ||     1
 Abil: Breathe Noxious F |       |       |    17 |     8 ||    25
  Use: Scroll            |       |     3 |     4 |     6 ||    13
       Potion            |       |       |       |     1 ||     1
 Stab: Confused          |       |       |     2 |       ||     2
Armor: Skin              |     8 |       |    22 |    82 ||   112
Dodge: Dodged            |     7 |     3 |    22 |   129 ||   161
Block: Tower shield      |     8 |       |    50 |     7 ||    65

Levels and vault maps discovered:
D:1:      saegor_arrival_simple_b, layout_loops_cross,
          hellmonk_ecumenical_altar_inner_sanctum, minmay_misc_feat_enclosed,
          chequers_jeans
D:2:      minmay_alternating_diamond, layout_basic, kennysheep_generic_room_5
D:3:      layout_basic, minmay_diced_spiral, uniq_sigmund, uniq_natasha
D:4:      layout_gridville, mainiacjoe_overflow_catwalk,
          minmay_temple_entry_fiery, uniq_duvessa, uniq_menkaure,
          uniq_eustachio, uniq_grinder, uniq_robin, uniq_crazy_yiuf_cottage
D:5:      minmay_angry_zag, layout_cave_pods, grunt_decor_junction,
          uniq_blork_the_orc, uniq_ijyb
D:6:      layout_cave_pools, nicolae_overflow_hidden_temple,
          mainiacjoe_overflow_cross_hatched, serial_shops, nicolae_square_shop
D:7:      layout_gridville, chequers_serial_rivers_small_3,
          kennysheep_generic_room_16, uniq_maggie
D:8:      layout_cave_pools, mainiacjoe_overflow_catwalk_spiral
D:9:      minmay_quarter_circles, layout_irregular_city, uniq_harold
D:10:     layout_rooms, gammafunk_temple_overflow_statue, dpeg_oklobed_lair,
          uniq_grum
D:11:     layout_small_grid, hiddenorc1_lemuel, grunt_decor_arrowhead,
          lightli_church_of_beogh
D:13:     layout_cross, kiku_gazebo_pond_becter, uniq_maurice
Temple:   regret_index_temple_generic_petals

Notes
Turn   | Place    | Note
-------+----------+-------------------------------------------
     0 | D:1      | mortz the Draconian Conjurer began the quest for the Orb.
     0 | D:1      | Reached XP level 1. HP: 14/14 MP: 3/3
     0 | D:1      | magus.rc [v1.9.6]
   314 | D:1      | Reached XP level 2. HP: 20/20 MP: 1/5
   420 | D:1      | Learned a level 2 spell: Searing Ray
  1016 | D:1      | Found a faded altar of an unknown god.
  1129 | D:2      | Reached XP level 3. HP: 26/26 MP: 3/6
  1342 | D:2      | Reached skill level 2 in Stealth
  2282 | D:3      | Noticed Natasha
  2285 | D:3      | Killed Natasha
  2286 | D:3      | Reached skill level 2 in Dodging
  2286 | D:3      | Reached skill level 5 in Conjurations
  2286 | D:3      | Reached XP level 4. HP: 33/33 MP: 2/8
  2737 | D:3      | Noticed Sigmund
  2887 | D:3      | Noticed Natasha
  2895 | D:3      | Killed Natasha
  2896 | D:3      | Reached XP level 5. HP: 21/38 MP: 1/9
  3306 | D:3      | Killed Sigmund
  3307 | D:3      | Reached skill level 3 in Spellcasting
  3307 | D:3      | Reached XP level 6. HP: 41/45 MP: 2/11
  3322 | D:3      | Noticed Natasha
  3416 | D:3      | Killed Natasha
  3744 | D:4      | Noticed Menkaure
  3748 | D:4      | Killed Menkaure
  3749 | D:4      | Reached skill level 1 in Short Blades
  3749 | D:4      | Reached skill level 4 in Spellcasting
  3749 | D:4      | Reached skill level 6 in Conjurations
  3967 | D:4      | Reached skill level 3 in Stealth
  3967 | D:4      | Your scales start taking on a lurid green colour.
  3967 | D:4      | Reached XP level 7. HP: 30/50 MP: 3/13
  3967 | D:4      | Gained mutation: Your system is resistant to poisons.
                  | (rPois) [Green Draconian growth]
  4098 | D:4      | Noticed Dowan
  4491 | D:4      | Found a hide-covered altar of Uskayaw.
  4557 | D:4      | Noticed Duvessa
  4716 | D:4      | Noticed Eustachio
  4716 | D:4      | Noticed Grinder
  4720 | D:4      | Paralysed by Grinder for 3 turns
  4735 | D:4      | Killed Grinder
  4736 | D:4      | Reached skill level 7 in Conjurations
  4820 | D:4      | Reached skill level 5 in Spellcasting
  4820 | D:4      | Reached XP level 8. HP: 58/58 MP: 8/15
  4934 | D:4      | Found a runed translucent door.
  4935 | D:4      | Noticed Crazy Yiuf
  4985 | D:4      | Found a staircase to the Ecumenical Temple.
  4985 | D:4      | Noticed Robin
  5003 | D:4      | Killed Robin
  5110 | Temple   | Entered the Ecumenical Temple
  5364 | D:4      | Killed Crazy Yiuf
  5502 | D:4      | Killed Eustachio
  5503 | D:4      | Reached skill level 4 in Stealth
  5631 | D:4      | Killed Duvessa
  5632 | D:4      | Reached skill level 1 in Shields
  5645 | D:4      | Killed Dowan
  5795 | D:5      | Entered Level 5 of the Dungeon
  5889 | D:5      | Reached skill level 1 in Fighting
  5944 | D:5      | Reached skill level 8 in Conjurations
  5946 | D:5      | Reached skill level 6 in Spellcasting
  5948 | D:5      | Reached skill level 3 in Dodging
  6412 | D:5      | Noticed Blork the orc
  6423 | D:5      | Killed Blork the orc
  6424 | D:5      | Reached XP level 9. HP: 64/64 MP: 6/18
  6453 | D:5      | Noticed Ijyb
  6533 | D:5      | Killed Ijyb
  6599 | D:5      | You pick up a book of Lightning and begin reading...
  6599 | D:5      | You add the spells Static Discharge, Lightning Bolt and
                  | Maxwell's Capacitive Coupling to your library.
  7125 | D:5      | Reached skill level 7 in Spellcasting
  7125 | D:5      | Reached skill level 9 in Conjurations
  7496 | D:6      | Found an opulent altar of Gozag.
  7761 | D:6      | Found a radiant altar of Vehumet.
  7995 | D:6      | You pick up a book of Callings and begin reading...
  7995 | D:6      | You add the spells Summon Small Mammal, Call Canine
                  | Familiar and Summon Guardian Golem to your library.
  8062 | D:6      | Found Wedemmaa's Book Shop.
  8329 | D:7      | Reached skill level 2 in Shields
  8572 | D:7      | Noticed Maggie
  9264 | D:6      | Became a worshipper of Vehumet
  9397 | D:7      | Killed Maggie
  9398 | D:7      | Reached skill level 2 in Fighting
  9398 | D:7      | Reached skill level 8 in Spellcasting
  9398 | D:7      | Reached skill level 10 in Conjurations
  9922 | D:8      | Reached XP level 10. HP: 73/73 MP: 10/22
 10353 | D:8      | Identified the ring of the Duke {Ice rPois}
 10514 | D:8      | Found a broken altar of Ashenzari.
 10516 | D:8      | Found a glowing silver altar of Zin.
 10533 | D:8      | Reached skill level 3 in Shields
 10669 | D:8      | Reached skill level 5 in Stealth
 10953 | D:8      | You pick up a book of Necromancy and begin reading...
 10953 | D:8      | You add the spells Pain, Animate Skeleton and Vampiric
                  | Draining to your library.
 10964 | D:8      | Learned a level 4 spell: Iskenderun's Mystic Blast
 10970 | D:8      | Learned a level 5 spell: Lightning Bolt
 11418 | D:9      | Reached skill level 9 in Spellcasting
 11549 | D:9      | Identified the +2 helmet of the Monkey {rF+}
 11595 | D:9      | Reached * piety under Vehumet
 11595 | D:9      | Offered knowledge of Sandblast by Vehumet.
 11601 | D:9      | Reached skill level 11 in Conjurations
 11614 | D:10     | Entered Level 10 of the Dungeon
 11614 | D:10     | Found a staircase to the Lair.
 11633 | D:9      | You pick up a book of Maledictions and begin reading...
 11633 | D:9      | You add the spells Tukima's Dance, Anguish and Enfeeble to
                  | your library.
 11656 | D:9      | Reached skill level 4 in Dodging
 11814 | D:9      | Reached skill level 1 in Translocations
 11814 | D:9      | Reached skill level 1 in Air Magic
 11897 | D:9      | Noticed Harold
 11908 | D:10     | Noticed a two-headed ogre
 12438 | D:9      | HP: 16/73 [acid dragon (10)]
 12440 | D:9      | Reached XP level 11. HP: 18/79 MP: 14/24
 12452 | D:9      | HP: 10/79 [orc warrior/+0 halberd (11)]
 12981 | D:9      | Reached skill level 1 in Long Blades
 13228 | D:9      | Reached ** piety under Vehumet
 13228 | D:9      | Offered knowledge of Poisonous Vapours by Vehumet.
 13279 | D:9      | Learned a level 3 spell: Dazzling Flash
 14131 | D:10     | Reached skill level 10 in Spellcasting
 14229 | D:10     | Noticed a two-headed ogre
 14250 | D:10     | Killed a two-headed ogre
 14251 | D:10     | Reached skill level 2 in Air Magic
 14324 | D:10     | Found a sparkling altar of Nemelex Xobeh.
 14324 | D:10     | Found a hazy altar of Hepliaklqana.
 14398 | D:10     | Killed a two-headed ogre
 14651 | D:10     | Noticed Grum
 14787 | D:10     | Killed Grum
 14852 | D:10     | Noticed an oklob plant
 15168 | D:10     | Learned a level 4 spell: Fulminant Prism
 15173 | D:10     | Killed an oklob plant
 15174 | D:10     | Reached skill level 5 in Dodging
 15174 | D:10     | Reached skill level 2 in Translocations
 15229 | D:11     | Found a runed translucent door.
 15381 | D:11     | Noticed a two-headed ogre
 15426 | D:11     | Killed a two-headed ogre
 15427 | D:11     | Reached skill level 12 in Conjurations
 15624 | D:11     | Noticed a purple ugly thing
 15689 | D:11     | Killed a purple ugly thing
 16064 | D:11     | Reached skill level 3 in Air Magic
 16630 | D:11     | Found a staircase to the Orcish Mines.
 16836 | D:11     | You fall into a shaft and drop 2 floors!
 16914 | D:13     | Reached skill level 11 in Spellcasting
 16923 | D:13     | HP: 16/81 [gargoyle/stone arrow (24)]
 16926 | D:13     | Killed from afar by a gargoyle

Vanquished Creatures
  3 two-headed ogres
  An ugly thing (D:11)
  A cyclops (D:11)
  A manticore (D:13)
  An oklob plant (D:10)
  A kobold demonologist (D:11)
  Maggie (D:7)
  2 trolls
  Grinder (D:4)
  2 hornets (D:9)
  Sigmund (D:3)
  2 wyverns (D:9)
  2 wraiths (D:9)
  Eustachio (D:4)
  11 yaks
  3 steam dragons
  A vampire (D:7)
  Grum (D:10)
  Menkaure (D:4)
  3 acid dragons
  3 water moccasins (D:9)
  Duvessa (D:4)
  2 black bears
  6 orc warriors
  3 ice beasts
  A hornet zombie (D:9)
  4 wolves (D:10)
  3 ogres
  5 centaurs
  4 phantoms
  5 kobold brigands
  Blork the orc (D:5)
  4 bullfrogs
  A scorpion (D:5)
  A wyvern zombie (D:6)
  A wyvern skeleton (D:7)
  2 water moccasin skeletons
  Dowan (D:4)
  4 killer bees (D:9)
  6 wights
  6 howler monkeys
  A bullfrog zombie (D:5)
  5 centaur zombies
  A gnoll shaman (D:8)
  4 orc priests
  Crazy Yiuf (D:4)
  A bullfrog skeleton (D:5)
  A centaur skeleton (D:6)
  2 hounds
  5 jellies
  Natasha (thrice) (D:3)
  Ijyb (D:5)
  2 iguanas
  8 orc wizards
  A scorpion zombie (D:5)
  A killer bee zombie (D:7)
  A howler monkey zombie (D:9)
  Robin (D:4)
  7 gnolls
  3 adders
  2 shadow imps
  A white imp (D:7)
  An ufetubus (D:6)
  2 worms (D:3)
  4 dart slugs
  38 orcs
  4 ball pythons
  4 endoplasms
  2 giant cockroaches
  17 goblins
  9 hobgoblins
  5 jackals
  3 quokkas
  3 bats
  2 frilled lizards
  13 kobolds
  3 rats
266 creatures vanquished.

Vanquished Creatures (others)
  3 fulminant prisms (D:10)
  2 fungi (D:4)
  15 plants (D:10)
20 creatures vanquished.

Grand Total: 286 creatures vanquished

Table legend:
 A = Non-vault XP
 B = Vault XP
 C = Vault XP percentage of total XP
 D = Non-vault monster count
 E = Vault monster count
 F = Vault count percentage of total count
                 A         B        C        D         E       F
            +---------+---------+-------+---------+---------+-------
      Total |   13740 |    7345 |  34.8 |     171 |      95 |  35.7
            +---------+---------+-------+---------+---------+-------
        D:1 |      31 |       0 |   0.0 |      15 |       0 |   0.0
        D:2 |      22 |      27 |  55.1 |       6 |       8 |  57.1
        D:3 |     125 |     282 |  69.3 |      21 |       3 |  12.5
        D:4 |     518 |     938 |  64.4 |      17 |      19 |  52.8
        D:5 |    1021 |     545 |  34.8 |      14 |       9 |  39.1
        D:6 |     453 |       0 |   0.0 |       7 |       0 |   0.0
        D:7 |    1001 |     389 |  28.0 |      26 |       1 |   3.7
        D:8 |    1841 |       0 |   0.0 |      28 |       0 |   0.0
        D:9 |    2227 |    3820 |  63.2 |      17 |      32 |  65.3
       D:10 |    2392 |    1166 |  32.8 |       9 |       6 |  40.0
       D:11 |    3448 |     178 |   4.9 |       8 |      17 |  68.0
       D:13 |     661 |       0 |   0.0 |       3 |       0 |   0.0
            +---------+---------+-------+---------+---------+-------

Illustrated notes

Table legend:
 A = Kills in this place as a percentage of kills in entire the game.
 B = Kills by you in this place as a percentage of kills by you in the entire game.
 C = Kills by friends in this place as a percentage of kills by friends in the entire game.
 D = Other kills in this place as a percentage of other kills in the entire game.
 E = Experience gained in this place as a percentage of experience gained in the entire game.
 F = Experience gained in this place divided by the number of levels of this place that you have seen.
                   A       B       C       D       E      F
               +-------+-------+-------+-------+-------+----------------------
         Total | 100.0 | 100.0 |   N/A | 100.0 | 100.0 | 1621.9
       Dungeon | 100.0 | 100.0 |   N/A | 100.0 | 100.0 | 1757.1
               +-------+-------+-------+-------+-------+----------------------

Table legend: (Time is in decaauts)
 A = Elapsed time spent in this place.
 B = Non-inter-level travel time spent in this place.
 C = Inter-level travel time spent in this place.
 D = Time resting spent in this place.
 E = Time spent auto-exploring this place.
 F = Levels seen in this place.
 G = Mean time per level.
                   A        B        C        D        E       F      G
               +--------+--------+--------+--------+--------+-----+--------+
         Total |  16969 |  16124 |    845 |   7349 |   4366 |  13 | 1305.3 |
       Dungeon |  16758 |  15921 |    837 |   7349 |   4167 |  12 | 1396.5 |
        Temple |    211 |    203 |      8 |      0 |    199 |   1 |  211.0 |
               +--------+--------+--------+--------+--------+-----+--------+

Top non-repeatable levels by time:
     D:9: 2729 daAuts
     D:3: 2090 daAuts
     D:8: 1848 daAuts
     D:4: 1678 daAuts
     D:5: 1528 daAuts
     D:7: 1505 daAuts
    D:10: 1336 daAuts
    D:11: 1136 daAuts
     D:1: 1061 daAuts
     D:6: 888 daAuts
     D:2: 866 daAuts
  Temple: 211 daAuts
    D:13: 89 daAuts
